 Dungeon Crawl Stone Soup version 0.31-a0-774-g0d66cbabe8 (console) character file.

Game seed: 18224264570095283704

1785470 elliptic the Invulnerable (level 26, 284/284 HPs)
             Began as an Armataur Berserker on Sept 17, 2023.
             Was the Champion of Trog.
             Escaped with the Orb
             ... and 3 runes!
             The game lasted 03:30:15 (59858 turns).

elliptic the Invulnerable (Armataur Berserker)     Turns: 59858, Time: 03:30:15

Health: 284/284    AC: 52    Str: 41    XL:     26   Next: 7%
Magic:  12/20      EV:  6    Int: 13    God:    Trog [******]
Gold:   1771       SH: 24    Dex: 10    Spells: 25/25 levels left

rFire   + . .        a - +3 eveningstar (heavy)
rCold   + + .        z - +0 tower shield
rNeg    + . .        Y - +8 orange crystal plate armour {Archmagi, Int+3 Clar, nodragon}
rPois   .            J - +2 hat {Stlth+}
rElec   +            o - +2 cloak
rCorr   +            B - +0 pair of gloves "Buann" {rCorr Str+3 SInv}
SInv    +            V - +0 barding
Will    +....        L - amulet of regeneration Stlth
                     W - ring "Cedd" {*Corrode rElec rC+++ rN+ Int-4 Slay+3}
HPRegen 1.47/turn    C - ring "Naynol" {Fire Str+7 Int+3}
MPRegen 0.17/turn

%: corrode self (3%), clarity, roll, archmagi
@: hasted, studying 7 skills, very quick
A: large, rugged brown scales 3, deformed body, armoured tail, roll, long
tongue, awkward tongue, hooves 1, horns 1, low MP 1, mutation resistance 1,
MP-powered wands
0: Orb of Zot
}: 3/15 runes: barnacled, silver, gossamer
a: Renounce Religion, Berserk, Trog's Hand, Brothers in Arms


You escaped.
You worshipped Trog.
Trog was exalted by your worship.
You visited 10 branches of the dungeon, and saw 50 of its levels.
You visited 1 bazaar.
You also visited: Trove, Bailey, Gauntlet and Wizlab.

You collected 6418 gold pieces.
You spent 4647 gold pieces at shops.


Innate Abilities, Weirdness & Mutations

You are completely covered in rugged brown scales. (AC +3, +7% HP)
Armour fits poorly on your strangely shaped body.
You have a long armoured tail.
You roll when moving toward enemies. (Rampage)
Your long tongue fully drains potion bottles. (2x potion effects)
Your tongue gives you trouble enunciating. (1.5x scroll delay)
You have large cloven feet.
You have a pair of small horns on your head.
Your magical capacity is low. (-10% MP)
You are somewhat resistant to further mutation.
You expend magic power (3 MP) to strengthen your wands.


   Skills:
 O Level 27 Fighting
 + Level 19.5 Maces & Flails
 - Level 1.7 Polearms
 O Level 27 Armour
 - Level 5.0 Dodging
 O Level 27 Shields


You had 25 spell levels left.
You didn't know any spells.
Your spell library contained the following spells:

 Spells                   Type           Power      Damage    Failure   Level
 Foxfire                  Conj/Fire      0%         2x1d4     71%         1
 Freeze                   Ice            0%         1d3       71%         1
 Kiss of Death            Conj/Necr      0%         2d5       71%         1
 Magic Dart               Conj           0%         1d3       71%         1
 Sandblast                Erth           0%         2d4       71%         1
 Shock                    Conj/Air       0%         1d3       71%         1
 Slow                     Hex            0%         N/A       71%         1
 Sting                    Tmut/Pois      0%         1d3       71%         1
 Call Imp                 Summ           0%         N/A       85%         2
 Cigotuvi's Dreadful Rot  Necr/Pois/Air  0%         N/A       85%         2
 Ensorcelled Hibernation  Hex/Ice        0%         N/A       85%         2
 Lesser Beckoning         Tloc           0%         N/A       85%         2
 Passwall                 Tmut/Erth      0%         N/A       85%         2
 Poisonous Vapours        Pois/Air       0%         N/A       85%         2
 Scorch                   Fire           0%         2d5       85%         2
 Sublimation of Blood     Necr           0%         N/A       85%         2
 Call Canine Familiar     Summ           0%         N/A       97%         3
 Confusing Touch          Hex            0%         N/A       97%         3
 Dazzling Flash           Conj/Hex       0%         N/A       97%         3
 Frozen Ramparts          Ice            0%         1d1       97%         3
 Gell's Gravitas          Tloc           0%         N/A       97%         3
 Hailstorm                Conj/Ice       0%         3d3       97%         3
 Inner Flame              Hex/Fire       0%         N/A       97%         3
 Mephitic Cloud           Conj/Pois/Air  0%         N/A       97%         3
 Sigil of Binding         Hex            0%         N/A       97%         3
 Stone Arrow              Conj/Erth      0%         3d7       97%         3
 Swiftness                Air            0%         N/A       97%         3
 Teleport Other           Tloc           0%         N/A       97%         3
 Tukima's Dance           Hex            0%         N/A       97%         3
 Vampiric Draining        Necr           0%         2d6       97%         3
 Volatile Blastmotes      Fire/Tloc      0%         2d10      97%         3
 Airstrike                Air            0%         2d(0-16)  100%        4
 Anguish                  Hex/Necr       0%         N/A       100%        4
 Animate Armour           Summ/Erth      0%         N/A       100%        4
 Animate Dead             Necr           0%         N/A       100%        4
 Brom's Barrelling Bould  Conj/Erth      0%         2d3       100%        4
 Dimensional Bullseye     Hex/Tloc       0%         N/A       100%        4
 Dispel Undead            Necr           0%         3d6       100%        4
 Flame Wave               Conj/Fire      0%         2d4       100%        4
 Iskenderun's Mystic Bla  Conj/Tloc      0%         2d3       100%        4
 Leda's Liquefaction      Hex/Erth       0%         N/A       100%        4
 Manifold Assault         Tloc           0%         N/A       100%        4
 Olgreb's Toxic Radiance  Pois           0%         N/A       100%        4
 Passage of Golubria      Tloc           0%         N/A       100%        4
 Petrify                  Tmut/Erth      0%         N/A       100%        4
 Sticky Flame             Conj/Fire      0%         2d3       100%        4
 Summon Lightning Spire   Summ/Air       0%         N/A       100%        4
 Vhi's Electric Charge    Tloc/Air       0%         N/A       100%        4
 Alistair's Intoxication  Tmut/Pois      0%         N/A       100%        5
 Arcjolt                  Conj/Air       0%         1d10      100%        5
 Borgnjor's Vile Clutch   Necr/Erth      0%         N/A       100%        5
 Irradiate                Conj/Tmut      0%         3d11      100%        5
 Lee's Rapid Deconstruct  Erth           0%         3d4*      100%        5
 Metabolic Englaciation   Hex/Ice        0%         N/A       100%        5
 Silence                  Hex/Air        0%         N/A       100%        5
 Summon Forest            Summ/Tloc      0%         N/A       100%        5
 Summon Mana Viper        Hex/Summ       0%         N/A       100%        5
 Conjure Ball Lightning   Conj/Air       0%         3x3d6     100%        6
 Death Channel            Necr           0%         N/A       100%        6
 Dispersal                Tloc           0%         N/A       100%        6
 Eringya's Noxious Bog    Tmut/Pois      0%         4d6       100%        6
 Leda's Unmaking          Conj/Erth      0%         9d1       100%        6
 Plasma Beam              Fire/Air       0%         2x1d10    100%        6
 Starburst                Conj/Fire      0%         6d3       100%        6
 Summon Cactus Giant      Summ           0%         N/A       100%        6
 Haunt                    Necr/Summ      0%         N/A       100%        7
 Malign Gateway           Summ/Tloc      0%         N/A       100%        7
 Summon Hydra             Summ           0%         N/A       100%        7
 Borgnjor's Revivificati  Necr           0%         N/A       100%        8
 Discord                  Hex            0%         N/A       100%        8
 Disjunction              Tloc           0%         N/A       100%        8
 Ignition                 Fire           0%         3d3       100%        8
 Infestation              Necr           0%         N/A       100%        8
 Lehudib's Crystal Spear  Conj/Erth      0%         10d2      100%        8
 Maxwell's Capacitive Co  Air            0%         death     100%        8
 Chain Lightning          Conj/Air       0%         N/A       100%        9
 Fire Storm               Conj/Fire      0%         5d1       100%        9
 Shatter                  Erth           0%         3d5*      100%        9

Inventory:

Hand Weapons
 a - a +3 heavy eveningstar (weapon)
 b - a +2 antimagic eveningstar
 g - a +5 demon whip of draining
 k - a +2 heavy eveningstar
 M - the +11 morningstar of Antique the Hated {heavy, rPois rN+ Dex+3}
   (Trog gifted it to you on level 4 of the Depths)

   Dex+3:     It affects your dexterity (+3).
   rPois:     It protects you from poison rN+: It protects you from negative
   energy.
Missiles
 e - 2 throwing nets
 T - 10 curare-tipped darts (quivered)
Armour
 o - a +2 cloak (worn)
 u - the +0 cloak of Vuifyrph {rElec rPois}
   (You found it in a wizard's laboratory)

   rElec:     It insulates you from electricity.
   rPois:     It protects you from poison
 z - a +0 tower shield (worn)
 B - the +0 pair of gloves "Buann" (worn) {rCorr Str+3 SInv}
   (You found it on level 7 of the Dungeon)

   Str+3:     It affects your strength (+3).
   SInv:      It lets you see invisible.
   rCorr:     It protects you from acid and corrosion.
 J - a +2 hat of stealth (worn)
 V - a +0 barding (worn)
 Y - the +8 orange crystal plate armour (worn) {Archmagi, Int+3 Clar, nodragon}
   (You took it off a deep elf high priest on level 5 of the Vaults)

   Int+3:     It affects your intelligence (+3).
   Clar:      It protects you from confusion, rage, mesmerisation and fear.
 Z - a +6 crystal plate armour {nodragon}
Jewellery
 h - a ring of flight
 q - the ring "Jaagrew" {rPois rF++ rN+ MP-9 Stlth+}
   (You found it on level 3 of the Crypt)

   [ring of positive energy]

   rF++:      It greatly protects you from fire.
   rPois:     It protects you from poison rN+: It protects you from negative
   energy.
   MP-9:      It affects your magic capacity (-9).
   Stlth+:    It makes you more stealthy.
 s - a ring of resist corrosion
 C - the ring "Naynol" (right hand) {Fire Str+7 Int+3}
   (You found it on level 3 of the Shoals)

   [ring of fire]

   Fire:      It enhances your fire magic.
   Str+7:     It affects your strength (+7).
   Int+3:     It affects your intelligence (+3).
   rF+:       It protects you from fire.
   rC-:       It makes you vulnerable to cold.
 E - the ring "Rioxzota" {rPois SInv}
   (You found it on level 3 of the Shoals)

   [ring of poison resistance]

   rPois:     It protects you from poison SInv: It lets you see invisible.
 H - the ring "Feidwann" {Str+4 Dex+6}
   (You found it on level 2 of the Vaults)

   [ring of dexterity]

   Str+4:     It affects your strength (+4).
   Dex+6:     It affects your dexterity (+6).
 L - an amulet of regeneration (around neck)
 U - the ring of Yppot {+Blink Will+++ MP+9 Str+6 Dex-3}
   (You took it off a yaktaur captain on level 5 of the Vaults)

   [ring of strength]

   Str+6:     It affects your strength (+6).
   Dex-3:     It affects your dexterity (-3).
   Will+++:   It greatly increases your willpower.
   MP+9:      It affects your magic capacity (+9).
   +Blink:    It lets you blink.
 W - the ring "Cedd" (left hand) {*Corrode rElec rC+++ rN+ Int-4 Slay+3}
   (You found it on level 3 of the Crypt)

   [ring of positive energy]

   Int-4:     It affects your intelligence (-4).
   Slay+3:    It affects your accuracy & damage with ranged weapons and melee
   (+3).
   rC+++:     It renders you almost immune to cold.
   rElec:     It insulates you from electricity.
   rN+:       It protects you from negative energy.
   *Corrode:  It may corrode you when you take damage.
 X - the ring of Onykae {rElec rC+ rN+ Will+}
   (You found it on level 3 of the Crypt)

   [ring of positive energy]

   rC+:       It protects you from cold.
   rElec:     It insulates you from electricity.
   rN+:       It protects you from negative energy.
   Will+:     It increases your willpower.
Wands
 r - a wand of quicksilver (40)
 y - a wand of digging (8)
 O - a wand of roots (36)
Scrolls
 f - 6 scrolls of fog
 i - 10 scrolls of teleportation
 j - a scroll of silence {!r}
 w - 7 scrolls of poison
 D - 9 scrolls of blinking
 I - 4 scrolls of butterflies
Potions
 c - 15 potions of heal wounds
 d - a potion of resistance
 l - 4 potions of berserk rage {!q}
 n - 4 potions of attraction
 p - 22 potions of curing
 v - 21 potions of mutation {!q}
 x - 8 potions of magic
 A - 11 potions of enlightenment
 G - 6 potions of haste
 K - a potion of cancellation
 P - 5 potions of invisibility
 R - 7 potions of might
 S - 8 potions of ambrosia
Miscellaneous
 Q - a lightning rod (4/4)


Message History

Press: ? - help, v - describe, . - travel
Here: Sipipl Ygua The floor.
You feel yourself speed up.
You slurp down every last drop of the potion of haste!
Aiming: Dig
Press: ? - help, Shift-Dir - straight line, f - you Please select a direction to dig.
This square is covered in magical glow.
You feel a surge of power!
The rock shatters into small pieces.
The sixfirhy hits you! The sixfirhy shocks you. You resist.
Unknown command.
Aiming: Dig
Press: ? - help, Shift-Dir - straight line, f - you Please select a direction to dig.
This square is covered in magical glow.
You feel a surge of power!
The rock shatters into small pieces.
You block the sixfirhy's attack.
Blink to where?
Press: ? - help, Dir - move target As you slowly read the scroll of blinking, it crumbles to dust.
Aiming: Dig
Press: ? - help, Shift-Dir - straight line, f - you Please select a direction to dig.
This square is covered in magical glow.
You feel a surge of power!
The rock shatters into small pieces.
There is a stone staircase leading up here.
You climb upwards.
There is a stone staircase leading down here.
You see here a +0 spear.
There is a stone staircase leading up here.
You climb upwards.
There is a stone staircase leading down here.
Aiming: Dig
Press: ? - help, Shift-Dir - straight line A rock wall.
This square is covered in magical glow.
You feel a surge of power!
The rock shatters into small pieces.
There is a staircase leading out of the dungeon here.
You have escaped!

#####..#..#..[..............#....
#..#........#......#####.....
##.##.#####.#.>....# #..###
#.##.#####.#.####### #..# # ####
#.##.......#.#.....####..# #
...###.#########.#..###....######
.#.#.#.#.#.#.###...## ##........#
#.#.#.#.#.#.###...## ##...##...
##.#.#.#.#.#.##.@.######.....###.
..#.#.#.#.#.#......##.....##..###
.#.#.#.#.#.#..##.........#####...
..#.#.#.#.#.#..#...##...## ###.
.#.#.#.#.#.#...##....#### ##
..#.#.#.#.#.##.##.#### #
.#.#.#.#.#.#.#.##################
..#.#.#.#.#.#........#...........
.#.#.#.#.#.#.........#.##########


There were no monsters in sight!

Vanquished Creatures
  A dread lich (Vaults:5)
  Khufu (Crypt:3)
  2 orbs of fire
  3 ancient liches
  A juggernaut (Depths:4)
  Sojobo (Depths:2)
  Bai Suzhen (Vaults:5)
  Vv (Crypt:2)
  Saint Roka (Orc:2)
  A curse toe (Zot:5)
  4 Killer Klowns (Zot:5)
  Margery (Vaults:2)
  Nikola (Vaults:2)
  4 golden dragons
  2 profane servitors (Crypt:3)
  A bone dragon (Depths:4)
  16 tentacled monstrosities
  3 electric golems
  24 Orb Guardians
  Jorgrun (D:13)
  Rupert (D:15)
  A deep elf blademaster (Elf:2)
  8 liches
  An acid blob (Vaults:3)
  2 titans (Vaults:5)
  5 quicksilver dragons
  9 sphinxes
  An acid blob (shapeshifter) (Vaults:5)
  A kraken (Shoals:3)
  Gastronok (Lair:1)
  9 ancient champions
  7 death cobs
  An eldritch tentacle (WizLab)
  Agnes (D:14)
  10 tengu reavers
  10 storm dragons
  2 shadow dragons (shapeshifter) (Depths:3)
  Donald (Spider:4)
  7 shadow dragons
  2 revenants (Crypt:2)
  3 draconian monks (Zot:5)
  A rockslime (Vaults:3)
  6 draconian knights
  The ghost of Doj the Severer, a journeyman HOFi of Beogh (Shoals:3)
  11 frost giants
  9 fire giants
  A deep elf elementalist (Elf:1)
  3 deep elf sorcerers (Vaults:5)
  Louise (D:14)
  4 draconian scorchers
  9 emperor scorpions
  2 orc warlords
  14 vault wardens
  2 curse skulls
  7 ghost moths
  8 draconian annihilators
  6 draconian shifters
  10 ghouls
  A draconian stormcaller (Depths:4)
  9 war gargoyles
  10 ironbound preservers
  2 quicksilver oozes
  30 very ugly things
  A broodmother (shapeshifter) (Vaults:5)
  A stone giant (shapeshifter) (Depths:3)
  4 ironbound thunderhulks
  The ghost of Pixtaico the Unseen, an adept FeNe of Elyvilon (Vaults:3)
  A reaper (Crypt:2)
  3 formless jellyfish
  4 green draconians
  3 black draconians
  16 stone giants
  A deep elf demonologist (Elf:2)
  Nessos (D:15)
  18 vampire knights
  2 deep elf annihilators (Vaults:5)
  16 red draconians
  7 white draconians
  8 purple draconians
  5 spark wasps
  4 yellow draconians
  A minotaur (Gauntlet)
  6 dire elephants
  Snorg (D:14)
  2 blizzard demons
  12 ettins
  7 merfolk javelineers
  7 deep elf death magi
  A crystal guardian (Vaults:4)
  A mummy priest (Crypt:3)
  9 fire dragons
  7 eidola
  Josephine (D:14)
  7 rakshasas
  12 jiangshi
  4 deep elf high priests
  7 entropy weavers
  10 merfolk impalers
  2 spriggan zombies (Crypt:3)
  6 great orbs of eyes
  29 vault guards
  11 ice dragons
  12 yaktaur captains
  3 jorogumos
  3 spriggan air magi
  6 hydras
  3 peacekeepers
  A catoblepas (Lair:4)
  3 merfolk avatars
  A radroach (Spider:3)
  11 centaur warriors
  2 satyrs (Shoals:2)
  3 death knights (Crypt:1)
  2 alligator snapping turtles (Shoals:4)
  11 ironbound frosthearts
  10 death yaks
  6 two-headed ogres
  2 merfolk aquamancers
  6 boulder beetles
  6 deep troll earth magi
  11 tengu warriors
  39 dancing weapons
  The ghost of jpeg9000 the Blocker, a novice GnFi of Gozag (D:8)
  8 demonic crawlers
  14 vampire magi
  9 deep troll shamans
  2 thrashing horrors (WizLab)
  An orc high priest (Orc:2)
  3 soul eaters
  3 spriggan berserkers (Depths:4)
  2 skysharks
  A shock serpent (Depths:3)
  2 sun demons
  6 hell knights
  20 deep elf knights
  Sonja (Lair:2)
  A shadow wraith (Vaults:5)
  A sixfirhy (Gauntlet)
  7 iron trolls
  A skyshark (shapeshifter) (D:11)
  A ghost moth zombie (Crypt:1)
  4 pharaoh ants
  A swamp dragon (shapeshifter) (Depths:3)
  2 sea snakes (shapeshifter)
  A glowing orange brain (shapeshifter) (Depths:3)
  23 skeletal warriors
  10 glowing orange brains
  9 flayed ghosts
  An iron troll (shapeshifter) (Depths:3)
  16 sea snakes
  A spriggan simulacrum (Crypt:3)
  41 deep trolls
  7 orb spiders
  10 deep elf archers
  A large abomination (WizLab)
  8 lindwurms
  14 wizards
  A shadow demon (Depths:2)
  2 bog bodies
  An orange crystal statue (Gauntlet)
  Pikel (D:7)
  22 harpies
  5 obsidian statues
  12 ironbound convokers
  11 orc knights
  An anaconda skeleton (Crypt:2)
  24 deep elf pyromancers
  27 deep elf zephyrmancers
  8 steelbarb worms
  2 orc sorcerers (Orc:2)
  12 phantasmal warriors
  A tengu skeleton (WizLab)
  42 ugly things
  17 manticores
  19 wolf spiders
  A cyclops (shapeshifter) (Vaults:5)
  5 worldbinders (WizLab)
  13 fauns (Shoals:2)
  3 necromancers
  A moth of wrath (shapeshifter) (Depths:3)
  A salamander (shapeshifter) (D:13)
  4 elephants (Lair:2)
  12 moths of wrath
  29 vault sentinels
  7 cyclopes
  An alligator skeleton (Crypt:1)
  7 merfolk sirens
  A jorogumo skeleton (Crypt:3)
  5 black mambas
  A dire elephant zombie (Crypt:3)
  Maurice (D:7)
  3 molten gargoyles (Depths:3)
  7 torpor snails
  A smoke demon (Zot:5)
  3 water nymphs
  An eleionoma skeleton (Crypt:3)
  An eye of devastation (Vaults:3)
  2 gargoyles (D:13)
  4 unseen horrors
  A centaur skeleton (Crypt:3)
  Jeremiah (Lair:1)
  16 cane toads
  3 efreet
  A rime drake (Lair:5)
  2 minotaur zombies (Gauntlet)
  An orange demon (Depths:2)
  10 freezing wraiths
  9 komodo dragons
  An orb spider zombie (Crypt:3)
  3 kobold demonologists
  2 ice devils
  6 guardian mummies (Crypt:3)
  25 yaktaurs
  An unseen horror skeleton (Crypt:3)
  A sea snake skeleton (Crypt:3)
  10 trolls
  9 polar bears
  29 merfolk
  A wind drake (shapeshifter) (Depths:1)
  4 hellwings (Zot:5)
  33 tarantellas
  3 meliai (D:13)
  6 wind drakes
  A raiju (shapeshifter) (Elf:1)
  8 dream sheep
  7 hornets
  4 raiju (Depths:3)
  9 blink frogs
  26 slime creatures
  19 snapping turtles
  3 flying skulls
  27 jumping spiders
  A centaur simulacrum (D:13)
  15 culicivoras
  A slime creature (shapeshifter) (Depths:3)
  A guardian serpent skeleton (Crypt:3)
  A shadow (D:10)
  20 spriggans
  11 wraiths
  12 air elementals
  3 wyverns
  An ettin skeleton (Crypt:2)
  37 yaks
  6 vampires
  29 fire elementals
  27 water elementals
  5 golden eyes
  5 basilisks
  2 chaos spawn (Depths:2)
  44 redbacks
  4 steam dragons
  2 spatial vortices (WizLab)
  15 vampire mosquitoes
  5 wargs
  2 acid dragons
  16 water moccasins
  A hydra simulacrum (Crypt:3)
  A fire bat skeleton (Crypt:1)
  9 black bears
  A sky beast (shapeshifter) (Elf:1)
  A sky beast (D:6)
  34 orc warriors
  2 ice beasts
  A lindwurm zombie (Crypt:1)
  18 wolves
  18 ogres
  4 boggarts
  14 centaurs
  A dream sheep skeleton (Crypt:2)
  A lemure (D:7)
  A kobold brigand (D:6)
  14 earth elementals
  10 bullfrogs
  8 scorpions
  A draconian skeleton (Crypt:1)
  A salamander skeleton (Crypt:2)
  5 necrophages
  4 gnoll sergeants
  20 wights
  11 killer bees
  A howler monkey (D:4)
  3 hounds
  24 orc priests
  2 gnoll boudas
  A jelly (D:6)
  A human skeleton (Crypt:1)
  A sleepcap (D:6)
  5 iguanas
  2 boggart zombies (Crypt:2)
  22 orc wizards
  2 naga skeletons
  4 mummies
  29 gnolls
  10 adders
  A shadow imp (D:6)
  2 white imps (Gauntlet)
  5 ufetubi
  A worm zombie (Crypt:1)
  An adder skeleton (Crypt:1)
  4 worms
  4 dart slugs
  98 orcs
  6 endoplasms
  2 giant cockroaches
  7 goblins
  7 hobgoblins
  8 jackals
  2 quokkas
  11 ball pythons
  12 bats
  3 frilled lizards
  A frilled lizard skeleton (Crypt:1)
  A frilled lizard zombie (Crypt:3)
  2 jackal skeletons (Crypt:2)
  11 kobolds
  A kobold zombie (Crypt:1)
  4 rats
  2 ball lightnings (Depths:3)
  A lurking horror (WizLab)
  5 tentacles (Shoals:3)
2272 creatures vanquished.

Vanquished Creatures (collateral kills)
  A frost giant (Shoals:4)
  A red draconian (Depths:4)
  A green draconian (Depths:4)
  2 merfolk javelineers (Shoals:4)
  2 merfolk impalers (Shoals:4)
  2 merfolk aquamancers (Shoals:4)
  A deep troll (Depths:1)
  A sea snake (Shoals:4)
  A wolf spider (Spider:3)
  A water nymph (Shoals:4)
  A merfolk (Shoals:4)
  A wind drake (Shoals:4)
  2 water elementals (Shoals:3)
17 creatures vanquished.

Vanquished Creatures (others)
  An emperor scorpion (Spider:4)
  A purple draconian (Zot:5)
  A harpy (Shoals:2)
  A deep elf pyromancer (Elf:1)
  A flying skull (Crypt:2)
  An orc wizard (Orc:2)
  7 ball lightnings (Depths:3)
  3 tentacles (Shoals:3)
16 creatures vanquished.

Grand Total: 2305 creatures vanquished

Notes
Turn   | Place    | Note
-------+----------+-------------------------------------------
     0 | D:1      | elliptic the Armataur Berserker began the quest for the
                  | Orb.
     0 | D:1      | Reached XP level 1. HP: 19/19 MP: 1/1
   178 | D:1      | Reached skill level 3 in Fighting
   178 | D:1      | Reached skill level 3 in Maces & Flails
   178 | D:1      | Reached XP level 2. HP: 27/27 MP: 2/2
   594 | D:1      | Reached ** piety under Trog
   982 | D:2      | Reached XP level 3. HP: 33/33 MP: 3/3
  1081 | D:2      | Identified the +0 plate armour "Kaph" {Dex+2}
  1259 | D:2      | Reached XP level 4. HP: 42/42 MP: 4/4
  1676 | D:3      | Noticed a +0 dagger
  1676 | D:3      | Noticed a +0 falchion
  1676 | D:3      | Noticed a +0 spear
  1676 | D:3      | Noticed a +0 short sword
  1677 | D:3      | Noticed a +0 short sword
  1678 | D:3      | Noticed a +0 falchion
  1678 | D:3      | Noticed a +0 dagger
  1679 | D:3      | Noticed a +0 spear
  1800 | D:3      | Reached *** piety under Trog
  1933 | D:3      | Found a basalt altar of Yredelemnul.
  2266 | D:3      | Found a hide-covered altar of Uskayaw.
  2495 | D:4      | Noticed a scorpion
  2504 | D:4      | Killed a scorpion
  2505 | D:4      | Reached skill level 3 in Armour
  2505 | D:4      | Reached XP level 5. HP: 49/49 MP: 5/5
  2575 | D:4      | hi
  2895 | D:4      | Noticed a black bear
  2909 | D:4      | Killed a black bear
  2910 | D:4      | Reached XP level 6. HP: 39/56 MP: 6/6
  3241 | D:4      | HP: 15/84 [iguana (10)]
  3577 | D:4      | Reached XP level 7. HP: 49/65 MP: 7/7
  3956 | D:5      | Entered Level 5 of the Dungeon
  3956 | D:5      | Found Rima's Antique Weapon Boutique.
  3961 | D:5      | hm
  3961 | D:5      | Bought a glowing glaive for 180 gold pieces
  3961 | D:5      | ehhh
  3966 | D:5      | Reached skill level 1 in Polearms
  4050 | D:5      | okay
  4477 | D:5      | Reached skill level 6 in Armour
  4688 | D:5      | Found a glowing golden altar of the Shining One.
  4798 | D:5      | Reached XP level 8. HP: 72/72 MP: 8/8
  5377 | D:5      | Reached skill level 6 in Fighting
  5377 | D:5      | Reached skill level 6 in Maces & Flails
  5796 | D:6      | Reached XP level 9. HP: 69/84 MP: 9/9
  6074 | D:6      | Found a staircase to the Ecumenical Temple.
  6210 | D:7      | Identified the +0 pair of gloves "Buann" {rCorr Str+3 SInv}
  6273 | D:7      | oops
  6273 | D:7      | good lag
  6930 | D:7      | Reached **** piety under Trog
  7430 | D:7      | Reached skill level 9 in Maces & Flails
  7522 | D:8      | Noticed Maurice
  7526 | D:8      | Maurice stole a flux talisman
  7528 | D:7      | Maurice stole a +0 glaive of venom
  7533 | D:7      | Killed Maurice
  7620 | D:8      | Noticed Pikel
  7692 | D:7      | Reached XP level 10. HP: 92/92 MP: 10/10
  7706 | D:7      | Killed Pikel
  7864 | D:8      | Found a runed translucent door.
  7865 | D:8      | Noticed jpeg9000's ghost (novice GnFi)
  7921 | D:8      | Found an ornate altar of the Wu Jian Council.
  7943 | D:8      | Noticed a two-headed ogre
  7948 | D:8      | Killed a two-headed ogre
  8100 | D:8      | Found a sacrificial altar of Ru.
  8965 | D:9      | Found an iron altar of Okawaru.
  9017 | D:9      | Found a snail-covered altar of Cheibriados.
  9151 | D:9      | Noticed a two-headed ogre
  9157 | D:9      | Killed a two-headed ogre
  9158 | D:9      | Reached skill level 12 in Maces & Flails
  9318 | D:9      | Noticed a two-headed ogre
  9356 | D:9      | Killed a two-headed ogre
  9967 | D:10     | Entered Level 10 of the Dungeon
  9991 | D:10     | Reached XP level 11. HP: 98/98 MP: 11/11
  9991 | D:10     | Found Lasu's Weapon Shop.
 10021 | D:10     | Noticed a two-headed ogre
 10026 | D:10     | Killed a two-headed ogre
 10093 | D:10     | Found a flagged portal.
 10100 | Bailey   | Entered a bailey
 10109 | Bailey   | Reached ***** piety under Trog
 10227 | Bailey   | Noticed a two-headed ogre
 10247 | Bailey   | Killed a two-headed ogre
 10811 | D:10     | Reached skill level 9 in Armour
 10896 | D:10     | Found a broken altar of Ashenzari.
 12209 | D:11     | Found a staircase to the Lair.
 12257 | D:11     | Reached skill level 9 in Fighting
 12409 | D:11     | Noticed a centaur warrior
 12430 | D:11     | Killed a centaur warrior
 12431 | D:11     | Reached XP level 12. HP: 98/112 MP: 10/12
 12437 | D:11     | Noticed a centaur warrior
 12452 | D:11     | Killed a centaur warrior
 13238 | D:12     | Found a staircase to the Orcish Mines.
 13477 | D:8      | Killed jpeg9000's ghost
 13558 | Lair:1   | Entered Level 1 of the Lair of Beasts
 13582 | Lair:1   | Noticed Gastronok
 13809 | Lair:1   | Killed Gastronok
 13912 | Lair:1   | Received a gift from Trog
 13961 | Lair:1   | Reached skill level 12 in Armour
 14261 | Lair:1   | Noticed Jeremiah
 14295 | Lair:1   | Killed Jeremiah
 14610 | Lair:2   | Reached XP level 13. HP: 85/124 MP: 10/13
 14824 | Lair:2   | Found a hole to the Spider Nest.
 14826 | Lair:2   | Noticed Sonja
 14830 | Lair:2   | Killed Sonja
 14952 | Lair:2   | Reached skill level 12 in Fighting
 14954 | Lair:2   | Found a staircase to the Shoals.
 15923 | Lair:3   | Found a gate leading to a gauntlet.
 15933 | Gauntlet | Entered a Gauntlet
 15933 | Gauntlet | Found a transporter.
 15933 | Gauntlet | Found a transporter.
 15937 | Gauntlet | Found a transporter.
 15949 | Gauntlet | Found a transporter.
 15963 | Gauntlet | Found a transporter.
 15976 | Gauntlet | Found a transporter.
 15977 | Gauntlet | Found a transporter.
 15989 | Gauntlet | Found a transporter.
 16010 | Gauntlet | Found a transporter.
 16019 | Gauntlet | Found a transporter.
 16036 | Gauntlet | Found a transporter.
 16047 | Gauntlet | Found a transporter.
 16090 | Gauntlet | Found a transporter.
 16104 | Gauntlet | Found a transporter.
 16216 | Gauntlet | Found a transporter.
 16232 | Gauntlet | Found a transporter.
 16351 | Gauntlet | Got a loosely-bound
 16487 | Gauntlet | Received a gift from Trog
 16489 | Gauntlet | Identified the +4 mace "Wecrylij" {pain, rF+}
 16493 | Gauntlet | Identified the +1 pair of boots of the Crushed Beasts {Harm
                  | rF+}
 16509 | Gauntlet | Noticed a minotaur
 16515 | Gauntlet | Killed a minotaur
 16719 | Lair:3   | Reached skill level 1 in Shields
 16778 | Lair:3   | Reached skill level 3 in Shields
 17474 | Lair:4   | Found a viscous altar of Jiyva.
 17475 | Lair:4   | Found a staircase to the Slime Pits.
 17643 | Lair:4   | Reached skill level 6 in Shields
 18074 | Lair:4   | Gained mutation: Potions are less effective at restoring
                  | your health. [potion of mutation]
 18074 | Lair:4   | Gained mutation: You are frail. (-10% HP) [potion of
                  | mutation]
 18074 | Lair:4   | Gained mutation: You have large cloven feet. [potion of
                  | mutation]
 18074 | Lair:4   | Gained mutation: Potions cannot restore your health.
                  | [potion of mutation]
 18074 | Lair:4   | Gained mutation: Your tail ends in a venomous barb. [potion
                  | of mutation]
 18074 | Lair:4   | Lost mutation: You are frail. (-10% HP) [potion of
                  | mutation]
 18074 | Lair:4   | Gained mutation: You have hoof-like feet. [potion of
                  | mutation]
 18075 | Lair:4   | wow
 18075 | Lair:4   | Lost mutation: You have hoof-like feet. [potion of
                  | mutation]
 18075 | Lair:4   | Lost mutation: Potions cannot restore your health. [potion
                  | of mutation]
 18075 | Lair:4   | Lost mutation: You have large cloven feet. [potion of
                  | mutation]
 18075 | Lair:4   | Lost mutation: Your tail ends in a venomous barb. [potion
                  | of mutation]
 18075 | Lair:4   | Lost mutation: Potions are less effective at restoring your
                  | health. [potion of mutation]
 18075 | Lair:4   | Gained mutation: You have a pair of small horns on your
                  | head. [potion of mutation]
 18075 | Lair:4   | Gained mutation: You are somewhat resistant to further
                  | mutation. [potion of mutation]
 18075 | Lair:4   | Gained mutation: You have large cloven feet. [potion of
                  | mutation]
 18075 | Lair:4   | Gained mutation: Your magical capacity is low. (-10% MP)
                  | [potion of mutation]
 18075 | Lair:4   | Gained mutation: You expend magic power (3 MP) to
                  | strengthen your wands. [potion of mutation]
 18076 | Lair:4   | fine
 18158 | Lair:5   | Entered Level 5 of the Lair of Beasts
 18181 | Lair:5   | Reached XP level 14. HP: 129/138 MP: 10/12
 18503 | Lair:5   | Reached skill level 15 in Armour
 18642 | Lair:5   | Reached skill level 9 in Shields
 19234 | Lair:5   | Received a gift from Trog
 19850 | Orc:1    | Entered Level 1 of the Orcish Mines
 19891 | Orc:2    | Entered Level 2 of the Orcish Mines
 19980 | Orc:2    | Found a staircase to the Elven Halls.
 20270 | Orc:2    | Found Faalekhe's Assorted Antiques.
 20350 | Orc:1    | Reached ****** piety under Trog
 20771 | Orc:2    | Found Ohemih's Armour Shoppe.
 20825 | Orc:2    | Identified the +2 morningstar of Linearity {flame, rElec
                  | Str+3} (Trog gifted it to you on level 2 of the Orcish
                  | Mines)
 20825 | Orc:2    | Received a gift from Trog
 21114 | Orc:2    | Noticed Saint Roka
 21387 | Orc:2    | Killed Saint Roka
 21556 | Orc:2    | Found Fomedau's Antique Armour Shoppe.
 21558 | Orc:2    | Found Xijic's Antique Weapon Emporium.
 21805 | Orc:2    | Bought a runed buckler for 232 gold pieces
 21822 | Orc:2    | eh
 21822 | Orc:2    | Bought a runed demon trident for 504 gold pieces
 21874 | Orc:2    | Bought a scroll of teleportation for 69 gold pieces
 21874 | Orc:2    | Bought a scroll of fear for 92 gold pieces
 22027 | D:13     | Reached skill level 3 in Dodging
 22058 | D:13     | Reached XP level 15. HP: 123/147 MP: 13/13
 22324 | D:13     | Found a gate to the Vaults.
 22538 | D:13     | Received a gift from Trog
 22759 | D:13     | Reached skill level 15 in Fighting
 22851 | D:14     | Noticed Jorgrun
 22955 | D:13     | why
 22960 | D:13     | Killed Jorgrun
 23107 | D:14     | Noticed Josephine
 23119 | D:14     | Killed Josephine
 23213 | D:14     | Reached skill level 18 in Armour
 23227 | D:14     | Found Vofun's Distillery.
 23235 | D:14     | Bought a potion of heal wounds for 75 gold pieces
 23235 | D:14     | Bought a potion of heal wounds for 75 gold pieces
 23350 | D:14     | Noticed Agnes
 23358 | D:14     | Killed Agnes
 23373 | D:14     | Noticed Snorg
 23407 | D:14     | Killed Snorg
 23579 | D:14     | Noticed Louise
 23595 | D:14     | Killed Louise
 23736 | D:15     | Entered Level 15 of the Dungeon
 23738 | D:15     | Noticed Nessos
 23741 | D:15     | hi
 23746 | D:15     | Killed Nessos
 24310 | D:15     | Received a gift from Trog
 24341 | D:15     | Found a staircase to the Depths.
 24665 | D:15     | Noticed Rupert
 24681 | D:15     | Killed Rupert
 24682 | D:15     | Reached XP level 16. HP: 124/159 MP: 10/14
 24753 | D:15     | Reached skill level 12 in Shields
 25600 | Spider:1 | Entered Level 1 of the Spider Nest
 26808 | Spider:1 | why
 26866 | Spider:1 | Reached skill level 15 in Maces & Flails
 28141 | Spider:2 | Received a gift from Trog
 29010 | Spider:3 | Reached XP level 17. HP: 150/166 MP: 13/15
 29841 | Spider:4 | Entered Level 4 of the Spider Nest
 29941 | Spider:4 | Noticed Donald
 29942 | Spider:4 | nice
 29953 | Spider:4 | Killed Donald
 29954 | Spider:4 | Reached skill level 15 in Shields
 30339 | Spider:4 | Received a gift from Trog
 31017 | Spider:4 | Got a gossamer rune of Zot
 31171 | Shoals:1 | Entered Level 1 of the Shoals
 32370 | Shoals:2 | Received a gift from Trog
 33275 | Shoals:2 | Found Caewus's Jewellery Shoppe.
 33277 | Shoals:3 | Found Ysku's Assorted Antiques.
 33277 | Shoals:3 | Found a transporter.
 33277 | Shoals:3 | Found a transporter.
 33278 | Shoals:3 | Noticed Doj's ghost (journeyman HOFi)
 33343 | Shoals:3 | Found a flickering gateway to a bazaar.
 33354 | Bazaar   | Entered a bazaar
 33354 | Bazaar   | Found Kiumygul's General Store.
 33354 | Bazaar   | Found Lusijor's Jewellery Shoppe.
 33354 | Bazaar   | Found Jutty's Jewellery Shoppe.
 33354 | Bazaar   | Found Ikann's Distillery.
 33354 | Bazaar   | Found Piarral's Distillery.
 33372 | Bazaar   | hm
 33378 | Bazaar   | Bought a scroll of blinking for 97 gold pieces
 33380 | Bazaar   | sort of want a ring
 33380 | Bazaar   | but maybe should just get potions
 33388 | Bazaar   | Bought a potion of heal wounds for 45 gold pieces
 33388 | Bazaar   | Bought 2 potions of haste for 180 gold pieces
 33390 | Bazaar   | Bought a potion of might for 76 gold pieces
 33390 | Bazaar   | Bought a potion of might for 76 gold pieces
 33390 | Bazaar   | eh
 33390 | Bazaar   | Bought 2 potions of haste for 380 gold pieces
 33392 | Bazaar   | Bought a potion of resistance for 90 gold pieces
 33394 | Bazaar   | Bought a potion of cancellation for 152 gold pieces
 33521 | Shoals:3 | Bought a scroll labelled UFYNLYIDWOAPT for 30 gold pieces
 33561 | Shoals:2 | Received a gift from Trog
 34141 | Shoals:3 | Noticed a kraken
 34145 | Shoals:3 | hi
 34373 | Shoals:3 | hm
 34386 | Shoals:3 | Killed Doj's ghost
 34387 | Shoals:3 | Reached XP level 18. HP: 145/174 MP: 12/16
 34395 | Shoals:3 | hm
 34395 | Shoals:3 | probably can berserk
 34462 | Shoals:3 | Identified the ring "Rioxzota" {rPois SInv}
 34467 | Shoals:3 | Identified the ring "Naynol" {Fire Str+7 Int+3}
 34626 | Shoals:4 | Entered Level 4 of the Shoals
 34704 | Shoals:4 | Reached skill level 18 in Shields
 35005 | Shoals:4 | Received a gift from Trog
 35033 | Shoals:4 | Got a barnacled rune of Zot
 35858 | Shoals:4 | Identified the +5 scale mail "Xan Sixzu" {Will- Dex+9
                  | Slay+2 SInv}
 36040 | Shoals:4 | Reached skill level 21 in Armour
 36654 | Elf:1    | Entered Level 1 of the Elven Halls
 36657 | Elf:1    | Paralysed by an air elemental for 1 turns
 36816 | Elf:1    | Received a gift from Trog
 37116 | Elf:1    | Paralysed by an air elemental for 1 turns
 37715 | Elf:1    | Found a portal to a secret trove of treasure.
 37722 | Elf:1    | sure
 37728 | Trove    | Entered a treasure trove
 37796 | Trove    | okayish I guess
 38038 | Elf:2    | well
 38055 | Elf:2    | Paralysed by an air elemental for 1 turns
 38077 | Elf:2    | Reached XP level 19. HP: 157/183 MP: 14/17
 38276 | Elf:2    | Reached * piety under Trog
 38277 | Elf:2    | Paralysed by an air elemental for 1 turns
 38281 | Elf:2    | Paralysed by an air elemental for 1 turns
 38573 | Elf:2    | Found a runed translucent gate.
 38573 | Elf:2    | Found a runed translucent gate.
 38573 | Elf:2    | Found a runed translucent gate.
 39487 | Elf:2    | Reached skill level 18 in Fighting
 39794 | Elf:3    | Entered Level 3 of the Elven Halls
 39970 | Vaults:1 | Entered Level 1 of the Vaults
 40389 | Vaults:1 | Paralysed by a sphinx for 2 turns
 41490 | Vaults:1 | Found Aderar's General Store.
 41612 | Vaults:2 | Paralysed by a sphinx for 4 turns
 41772 | Vaults:2 | Noticed Nikola
 41787 | Vaults:2 | Killed Nikola
 41790 | Vaults:2 | Noticed Margery
 41790 | Vaults:2 | hi
 41816 | Vaults:2 | Killed Margery
 41891 | Vaults:2 | Reached XP level 20. HP: 200/204 MP: 16/18
 42198 | Vaults:2 | Found a runed translucent door.
 42587 | Vaults:2 | Found a staircase to the Crypt.
 42587 | Vaults:2 | Found an ancient bone altar of Kikubaaqudgha.
 42588 | Vaults:2 | Found a basalt altar of Yredelemnul.
 42908 | Vaults:2 | Identified the ring "Feidwann" {Str+4 Dex+6}
 42910 | Vaults:2 | Identified the ring of Hisuusu {rF+ rN+}
 42996 | Vaults:3 | Identified the +0 robe "Sirybuq" {Contam Str+7 Dex-4}
 43070 | Vaults:3 | Received a gift from Trog
 43071 | Vaults:3 | Reached skill level 21 in Shields
 43144 | Vaults:3 | Found a runed translucent gate.
 43144 | Vaults:3 | Found a runed translucent gate.
 43144 | Vaults:3 | Found a runed translucent gate.
 43144 | Vaults:3 | Noticed Pixtaico's ghost (adept FeNe)
 43147 | Vaults:3 | Found a viscous altar of Jiyva.
 43178 | Vaults:3 | Found Okishipt's Antique Armour Boutique.
 44298 | Vaults:4 | Received a gift from Trog
 44335 | Vaults:4 | Upgraded the game from 0.31-a0-771-g505c3d19dc to
                  | 0.31-a0-774-g0d66cbabe8
 44547 | Vaults:4 | Found Pemeun's Assorted Antiques.
 44564 | Vaults:4 | Bought a scroll of blinking for 240 gold pieces
 44564 | Vaults:4 | Bought a scroll of blinking for 240 gold pieces
 44727 | Vaults:4 | Reached skill level 24 in Armour
 45319 | Vaults:4 | Received a gift from Trog
 45410 | Vaults:4 | Acquired an amulet of regeneration
 45572 | Crypt:1  | Entered Level 1 of the Crypt
 45588 | Crypt:1  | Reached XP level 21. HP: 212/212 MP: 18/18
 45780 | Crypt:1  | Found a magical portal.
 45785 | WizLab   | Entered The Roulette of Golubria
 45785 | WizLab   | Found a transporter.
 45788 | WizLab   | Found a corrupted altar of Lugonu.
 45847 | WizLab   | Found a transporter.
 45850 | WizLab   | Found the +2 cloak of the Thief {*Fog Slay-2 SInv Stlth+}
 45872 | WizLab   | Found a transporter.
 45921 | WizLab   | Found a transporter.
 45942 | WizLab   | Paralysed by an air elemental for 1 turns
 45944 | WizLab   | Found a transporter.
 45946 | WizLab   | Paralysed by an air elemental for 1 turns
 45999 | WizLab   | Found a corrupted altar of Lugonu.
 45999 | WizLab   | Found a transporter.
 46044 | WizLab   | Found a transporter.
 46087 | WizLab   | Found a transporter.
 46255 | WizLab   | Found a transporter.
 46255 | WizLab   | Found a transporter.
 46282 | WizLab   | Found a transporter.
 46304 | WizLab   | Found a transporter.
 46304 | WizLab   | Found a transporter.
 46326 | WizLab   | Found a transporter.
 46353 | WizLab   | Got a well-preserved book
 46422 | WizLab   | Found a transporter.
 46422 | WizLab   | Found a transporter.
 46451 | WizLab   | Found a transporter.
 46451 | WizLab   | Found a transporter.
 46494 | WizLab   | Found a transporter.
 46494 | WizLab   | Found a transporter.
 46501 | WizLab   | Identified the +0 cloak of Vuifyrph {rElec rPois}
 46536 | WizLab   | Identified the +1 cloak of Woothriuz {+Inv, Rampage Int+3
                  | SInv}
 47468 | Crypt:2  | Received a gift from Trog
 47692 | Crypt:2  | Noticed Vv
 47695 | Crypt:2  | hi
 47934 | Crypt:2  | Killed Vv
 48356 | Crypt:2  | Identified the +8 long sword "Weizxe" {protect, rF- rN++
                  | Will++}
 48562 | Crypt:3  | Entered Level 3 of the Crypt
 48760 | Crypt:3  | uh
 49012 | Crypt:3  | Received a gift from Trog
 49128 | Crypt:3  | Reached skill level 24 in Shields
 49128 | Crypt:3  | Reached XP level 22. HP: 197/210 MP: 19/19
 49252 | Crypt:3  | Found a staircase to the Tomb.
 49598 | Crypt:3  | Noticed Khufu
 49749 | Crypt:3  | Killed Khufu
 49903 | Crypt:3  | Received a gift from Trog
 49984 | Crypt:3  | Found an ancient bone altar of Kikubaaqudgha.
 49989 | Crypt:3  | Identified the scarf "Ceogh" {shadows, Will+ Str-2 SInv}
 49993 | Crypt:3  | Found a basalt altar of Yredelemnul.
 50049 | Crypt:3  | Identified the staff "Waudafoi" {+Blink rElec rF+ Str+4
                  | Dex-5 Fire}
 50055 | Crypt:3  | Got a clothbound book
 50078 | Crypt:3  | Identified the ring "Cedd" {*Corrode rElec rC+++ rN+ Int-4
                  | Slay+3}
 50078 | Crypt:3  | Identified the ring of Onykae {rElec rC+ rN+ Will+}
 50078 | Crypt:3  | Identified the ring "Jaagrew" {rPois rF++ rN+ MP-9 Stlth+}
 50096 | Crypt:3  | Identified the +1 chain mail of Beogh's Wrath {Int+2
                  | Stlth+}
 50256 | Vaults:3 | Killed Pixtaico's ghost
 50476 | Depths:1 | Entered Level 1 of the Depths
 50477 | Depths:1 | Found a one-way gate to the infinite horrors of the Abyss.
 50681 | Depths:1 | Reached skill level 27 in Armour
 50915 | Depths:1 | Received a gift from Trog
 51112 | Depths:1 | Identified the +3 steam dragon scales of Ryihoikh {Rampage
                  | Will+ rCorr Dex-5 Stlth-}
 51160 | Depths:1 | Found a gateway to Hell.
 51203 | Depths:1 | Found a one-way gateway to a ziggurat.
 51318 | Depths:1 | Identified the +0 robe of Wifaexue {Rampage *Slow rCorr
                  | Int+2 Stlth+}
 51461 | Depths:2 | Noticed Sojobo
 52010 | Depths:2 | Received a gift from Trog
 52017 | Depths:2 | Reached skill level 21 in Fighting
 52018 | Depths:2 | Reached XP level 23. HP: 223/235 MP: 20/20
 52134 | Depths:2 | Found Foozxoiv's Distillery.
 52229 | Depths:2 | Killed Sojobo
 52525 | Depths:2 | Found a one-way gate leading to the halls of Pandemonium.
 52768 | Depths:3 | Paralysed by an air elemental for 1 turns
 52805 | Depths:3 | Paralysed by a formless jellyfish for 1 turns
 52885 | Depths:3 | Paralysed by an air elemental for 1 turns
 52917 | Depths:3 | Received a gift from Trog
 52922 | Depths:3 | Paralysed by an air elemental for 1 turns
 52924 | Depths:3 | Paralysed by an air elemental for 1 turns
 52936 | Depths:3 | Paralysed by an air elemental for 1 turns
 53312 | Depths:3 | Paralysed by a vampire knight for 5 turns
 53496 | Depths:3 | Identified the amulet "Ted Taid" {+Inv Fly rC- Regen+
                  | Int-3}
 53831 | Depths:4 | Entered Level 4 of the Depths
 53903 | Depths:4 | Noticed a juggernaut
 53939 | Depths:4 | Killed a juggernaut
 54079 | Depths:4 | Found a gate to the Realm of Zot.
 54192 | Depths:4 | Identified the +11 morningstar of Antique the Hated {heavy,
                  | rPois rN+ Dex+3} (Trog gifted it to you on level 4 of the
                  | Depths)
 54192 | Depths:4 | Received a gift from Trog
 54254 | Depths:4 | Found Uhedehush's General Store.
 54305 | Depths:4 | hi
 54994 | Vaults:5 | Entered Level 5 of the Vaults
 55067 | Vaults:4 | Reached XP level 24. HP: 237/253 MP: 20/20
 55080 | Vaults:4 | Reached skill level 24 in Fighting
 55105 | Vaults:4 | Identified the +1 morningstar of Abstinence {heavy, rPois
                  | rN+} (Trog gifted it to you on level 4 of the Vaults)
 55105 | Vaults:4 | Received a gift from Trog
 55355 | Vaults:5 | Noticed a dread lich
 55370 | Vaults:5 | Killed a dread lich
 55439 | Vaults:5 | Noticed an ancient lich
 55457 | Vaults:5 | Killed an ancient lich
 55588 | Vaults:5 | Identified the +10 battleaxe of Xiseite {holy, rPois Str+4}
 55644 | Vaults:5 | Received a gift from Trog
 55929 | Vaults:5 | Noticed Bai Suzhen
 55942 | Vaults:5 | Killed Bai Suzhen
 55959 | Vaults:5 | Identified the +1 long sword of Hacking and Slashing
                  | {drain, *Noise Str+5 Dex+3}
 56046 | Vaults:5 | Noticed an ancient lich
 56054 | Vaults:5 | Killed an ancient lich
 56177 | Vaults:5 | Identified the +2 sling of the Protecting Genius {flame,
                  | rElec rPois rC+++ Dex-2}
 56301 | Vaults:5 | Identified the ring of Yppot {+Blink Will+++ MP+9 Str+6
                  | Dex-3}
 56409 | Vaults:5 | Received a gift from Trog
 56572 | Vaults:5 | Identified the +5 shortbow "Gokli" {elec, rElec}
 56610 | Vaults:5 | Identified the +0 plate armour "Bekh" {rElec rF- Str+6}
 56848 | Vaults:5 | Got a silver rune of Zot
 57041 | Vaults:4 | Bought a potion of might for 128 gold pieces
 57182 | D:14     | Bought a potion of mutation for 120 gold pieces
 57182 | D:14     | Bought a potion of magic for 120 gold pieces
 57182 | D:14     | Bought 2 potions of mutation for 240 gold pieces
 57182 | D:14     | Bought a potion of might for 60 gold pieces
 57182 | D:14     | Bought 2 potions of invisibility for 240 gold pieces
 57311 | Orc:2    | Bought a potion of mutation for 184 gold pieces
 57524 | Depths:2 | Bought a potion of curing for 54 gold pieces
 57524 | Depths:2 | Bought a potion of mutation for 144 gold pieces
 57524 | Depths:2 | Bought a potion of curing for 54 gold pieces
 57524 | Depths:2 | Bought a potion of ambrosia for 144 gold pieces
 57524 | Depths:2 | Bought a potion of magic for 144 gold pieces
 57524 | Depths:2 | Bought a potion of enlightenment for 90 gold pieces
 57589 | Depths:4 | Bought a scroll of butterflies for 92 gold pieces
 57589 | Depths:4 | eh
 57613 | Zot:1    | Entered Level 1 of the Realm of Zot
 57779 | Zot:1    | sigh
 57790 | Zot:1    | Noticed an orb of fire
 57790 | Zot:1    | Noticed an electric golem
 57791 | Zot:1    | why
 57800 | Zot:1    | Killed an orb of fire
 57801 | Zot:1    | Reached XP level 25. HP: 169/272 MP: 20/20
 57818 | Depths:4 | Killed an electric golem
 58185 | Zot:3    | sigh
 58205 | Zot:3    | Reached skill level 27 in Fighting
 58232 | Zot:2    | Received a gift from Trog
 58323 | Zot:2    | Found a transporter.
 58482 | Zot:5    | Entered Level 5 of the Realm of Zot
 58693 | Zot:5    | Received a gift from Trog
 58946 | Zot:5    | Noticed an electric golem
 58952 | Zot:5    | Killed an electric golem
 59068 | Zot:5    | Noticed an electric golem
 59074 | Zot:5    | Killed an electric golem
 59083 | Zot:5    | Noticed an orb of fire
 59097 | Zot:5    | Killed an orb of fire
 59119 | Zot:5    | Noticed an ancient lich
 59130 | Zot:5    | Killed an ancient lich
 59131 | Zot:5    | Reached skill level 27 in Shields
 59135 | Zot:5    | Noticed a Killer Klown
 59142 | Zot:5    | Noticed a Killer Klown
 59148 | Zot:5    | Killed a Killer Klown
 59152 | Zot:5    | Noticed a Killer Klown
 59204 | Zot:5    | Killed a Killer Klown
 59211 | Zot:5    | Killed a Killer Klown
 59311 | Zot:5    | Reached skill level 18 in Maces & Flails
 59344 | Zot:5    | Noticed a Killer Klown
 59346 | Zot:5    | Received a gift from Trog
 59350 | Zot:5    | Killed a Killer Klown
 59359 | Zot:5    | Reached XP level 26. HP: 265/284 MP: 20/20
 59375 | Zot:5    | Got the Orb of Zot
 59385 | Zot:5    | Noticed Ethreoluwk the pandemonium lord
 59721 | D:10     | Noticed Qyhyhoic the pandemonium lord
 59816 | D:3      | Noticed Sipipl Ygua the pandemonium lord
 59858 | D:$      | Escaped with the Orb!

Levels and vault maps discovered:
D:1:      dpeg_arrival_round_c, layout_basic, minmay_misc_feat_doors,
          minivault_23, amcnicky_mini_corridor_feature
D:2:      layout_loops_ring
D:3:      layout_loops_ring, mainiacjoe_overflow_alcove_2,
          nicolae_uskayaw_en_pointe, kennysheep_small_spiral,
          chequers_serial_rivers_large_b
D:4:      minmay_opposing_rooms, layout_basic, kennysheep_generic_room_10
D:5:      layout_basic, lemuel_crystal_altar, serial_shops, shop
D:6:      layout_cave_pools, lemuel_temple_firewalk_a
D:7:      layout_gridville
D:8:      layout_cave_pools, lemuel_crystal_altar,
          nicolae_overflow_crystal_walls, gammafunk_ghost_grave, uniq_maurice,
          uniq_pikel
D:9:      layout_stronghold, kennysheep_mini_moat, slow_altar_1
D:10:     layout_loops_ring, nicolae_ashenzari_skybound, serial_shops, shop,
          enter_bailey_4, nicolae_wwwww, chequers_serial_rivers_micro_d,
          feat_on_display
D:11:     layout_basic, due_lair_maze_entry_diamond, special_room
          [special_room_orc], grunt_tough_drop
D:12:     layout_loops_ring
D:13:     minmay_the_grid_triangle_9x9_rhombus_thin_mashed
          [minmay_the_grid_triangle_9x9_skeleton,
          minmay_the_grid_triangle_9x9_prize_insulated,
          minmay_the_grid_triangle_9x9_zippers_horizontal,
          minmay_the_grid_triangle_9x9_intruding_spiral], layout_rooms,
          serial_glass, glass_columns_c, glass_columns_a
D:14:     layout_roguey, amcnicky_mini_pool_small, serial_shops,
          nicolae_shop_tiny_statue_garden, uniq_jorgrun, uniq_agnes, uniq_snorg,
          uniq_josephine, uniq_louise
D:15:     gammafunk_enter_depths_forms, layout_layer_cave, serial_bayou_ford_a,
          nicolae_underground_beach, uniq_nessos, uniq_rupert
Lair:1:   layout_cave_shapes, serial_rivers, chequers_serial_rivers_small_b,
          chequers_serial_rivers_micro_c, chequers_serial_rivers_small_a,
          chequers_serial_rivers_room_b, dreamdust_mushroom_princess,
          grunt_megastairs_2, lemuel_fruit_fields, uniq_jeremiah, uniq_gastronok
Lair:2:   layout_regular_city, minmay_shoals_entry_lonely_mermaid,
          spider_nest_entry_web_field, uniq_sonja
Lair:3:   layout_gridlike, gauntlet_entry_generic
Lair:4:   layout_loops_ring, slime_entry_1, forest_entry_grove
Lair:5:   minmay_lair_end_enchanted_forest, layout_gridlike,
          grunt_forest_small_clearing_treed
Shoals:1: layout_shoals
Shoals:2: layout_shoals, serial_shops, nicolae_shop_hallway_plus
Shoals:3: layout_shoals, ebering_ghost_davey_jones, serial_shops,
          bzr_in_the_mist, nicolae_shop_tiny_statue_garden
Shoals:4: shoals_end_grunt_ice, layout_shoals
Spider:1: layout_spider_delve, hangedman_spider_tarantella_strand
Spider:2: layout_spider_delve, hellmonk_narrow_tunnel
Spider:3: layout_chambers
Spider:4: grunt_spider_rune_circles, uniq_donald
Orc:1:    layout_caves
Orc:2:    grunt_orc_community_town_hall, layout_caves,
          grunt_orc_community_big_house_1, grunt_orc_community_big_house_2,
          grunt_orc_community_house_2, grunt_orc_community_house_1,
          grunt_orc_community_house_1, grunt_orc_community_house_3,
          grunt_orc_community_house_3
Elf:1:    nicolae_elf_arrival_aired_out, layout_gridlike,
          nicolae_trove_entry_columns, hangedman_elven_crosses_minicolossus
Elf:2:    elven_hall_of_blades_hangedman_original [mumra_blade_entry_dagger],
          layout_onion_city, lemuel_flame_loot_1
Elf:3:    grunt_elf_hall_spiral, layout_rooms, uniq_saint_roka
Vaults:1: nicolae_vaults_diamond_2, vaults_mumra_lcd,
          ontoclasm_vaults_claustrophobia, vaults_room_grunt_arrival_ludios,
          vaults_room_grid, nicolae_vaults_little_squares_4,
          nicolae_vaults_storage_closets_2, v_alt_pattern_5,
          nicolae_vaults_double_plus_3, vaults_room_boxed,
          nicolae_vaults_lightning_bolt, nicolae_vaults_diagonal_hallway_8,
          ontoclasm_vaults_chip, ontoclasm_vaults_hangar, layout_vaults_omnibox,
          serial_shops, shop
Vaults:2: v_pattern_3, v_misc_3, minmay_crypt_entry_necro_gods,
          hangedman_vaults_cutoff, vaults_dpeg_hooks, vaults_standard_mumra_x,
          nicolae_vaults_shelves_hall, nicolae_vaults_oozy_zoo,
          vaults_room_pool, nicolae_vaults_three_branches, v_alt_pattern_1,
          layout_vaults_big_room, uniq_margery, uniq_nikola
Vaults:3: gammafunk_ghost_ooze, nicolae_vaults_tangram_2,
          nicolae_vaults_windows_and_doors_thing, vaults_room_hallway,
          nicolae_vaults_shelves_hall, nicolae_vaults_little_squares_6,
          vaults_dpeg_cross, vaults_room_door_ring, layout_vaults_omnigrid,
          serial_shops, nicolae_shop_stone
Vaults:4: nicolae_vaults_prndl, v_misc_4, v_misc_9, grunt_vaults_diagonal,
          nicolae_vaults_quartermaster, hangedman_vaults_nails,
          nicolae_vaults_spaceships, nicolae_vaults_twisting_passages,
          nicolae_vaults_cornered_office, hangedman_vaults_corner_blocks,
          layout_vaults_maze, serial_shops, nicolae_square_shop
Vaults:5: serial_shops, uniq_bai_suzhen
Crypt:1:  layout_basic, infiniplex_enter_wizlab_spiral, minivault_4
Crypt:2:  layout_misc_corridors, st_vampire_maze, grunt_megastairs_4, uniq_vv
Crypt:3:  lightli_unholy_cathedral, layout_chaotic_city,
          tomb_entry_shell_bobbens, uniq_khufu
Depths:1: layout_twisted_cross, enter_ziggurat_b, kennysheep_pointless_box,
          hangedman_abyss_entry_splay, pf_hell_entry_tar_spiral, minivault_10,
          hangedman_aviary
Depths:2: nzn_winding_woodlands_small [nzn_winding_woodlands_5x15_concentric,
          nzn_winding_woodlands_center_garden,
          nzn_winding_woodlands_5x15_parted], layout_gridlike,
          minmay_misc_feat_tower, hell_entry, rand_demon_pan_entry_4,
          abyss_entry, serial_shops, nicolae_shop_industrial_runoff,
          infiniplex_staircase_zigzag_2, uniq_sojobo
Depths:3: radiant_caverns_a_rkd, hell_entry, abyss_entry, serial_shops
Depths:4: grunt_x_marks_the_spot, layout_cave_pools, pf_hell_entry_great_geh,
          serial_shops, nicolae_shop_waterfront, abyss_entry_small_statue_room,
          uniq_josephina
Zot:1:    layout_onion
Zot:2:    kennysheep_ambush_hall, layout_onion, nicolae_diode_intersection
Zot:3:    lemuel_firehouse, layout_cathedral_of_symmetry, skrybe_zot_glass_3
Zot:4:    layout_misc_corridors
Zot:5:    layout_misc_corridors

Action                     |  1- 3 |  4- 6 |  7- 9 | 10-12 | 13-15 | 16-18 | 19-21 | 22-24 | 25-27 || total
---------------------------+-------+-------+-------+-------+-------+-------+-------+-------+-------++-------
  Melee: Mace              |    99 |   175 |     5 |       |       |       |       |       |       ||   279
         Tailslap          |    11 |    20 |    37 |   106 |   233 |   211 |   269 |   250 |    68 ||  1205
         Punch             |       |     1 |     4 |       |     1 |       |       |       |       ||     6
         Flail             |       |       |   191 |       |       |       |       |       |       ||   191
         Glaive            |       |       |    12 |       |       |       |       |       |       ||    12
         Morningstar       |       |       |    59 |       |       |       |       |       |       ||    59
         Dire flail        |       |       |     1 |   699 |   185 |       |       |       |       ||   885
         Demon whip        |       |       |       |       |  1214 |   394 |       |       |       ||  1608
         Headbutt          |       |       |       |       |   250 |   293 |   349 |   392 |   101 ||  1385
         Kick              |       |       |       |       |   370 |   452 |   520 |   536 |   186 ||  2064
         Eveningstar       |       |       |       |       |       |  1017 |  1391 |  1329 |   414 ||  4151
  Throw: Dart              |       |       |       |       |    19 |     2 |     2 |       |       ||    23
 Invoke: Berserk           |       |     6 |     9 |     6 |     3 |    13 |     4 |     6 |       ||    47
         Trog's Hand       |       |       |       |       |     6 |     4 |     5 |    15 |     3 ||    33
         Brothers in Arms  |       |       |       |       |     3 |     5 |     1 |     2 |       ||    11
  Evoke: Wand              |       |       |     6 |     3 |     4 |       |     1 |     2 |     4 ||    20
         Lightning rod     |       |       |       |       |       |     4 |     2 |       |       ||     6
    Use: Scroll            |     1 |     2 |     5 |    12 |    12 |     9 |     5 |     7 |    14 ||    67
         Potion            |       |       |       |     1 |     3 |     5 |     1 |     6 |    18 ||    34
   Stab: Paralysed         |       |       |     4 |       |     3 |       |       |       |       ||     7
         Distracted        |       |       |       |       |     1 |     2 |     2 |       |       ||     5
 Armour: Animal skin       |    25 |       |       |       |       |       |       |       |       ||    25
         Ring mail         |    30 |       |       |       |       |       |       |       |       ||    30
         Plate armour      |    11 |   178 |   292 |   483 |   454 |       |       |       |       ||  1418
         Chain mail        |       |       |       |       |   377 |   590 |       |       |       ||   967
         Crystal plate arm |       |       |       |       |       |   865 |   811 |  1332 |   492 ||  3500
  Dodge: Dodged            |    40 |    49 |    95 |   140 |   239 |   442 |   327 |   228 |    69 ||  1629
  Block: Buckler           |       |       |       |       |   195 |    83 |       |       |       ||   278
         Tower shield      |       |       |       |       |       |   346 |  1241 |  1401 |   450 ||  3438
         Kite shield       |       |       |       |       |       |   500 |       |       |       ||   500
